 Dungeon Crawl Stone Soup version 0.32-a0-18-g89e19f1974 (webtiles) character file.

Game seed: 15263432113730900579

177576 jasper the Warrior (level 18, -1/128 HPs)
             Began as a Gargoyle Earth Elementalist on Jan 16, 2024.
             Was the Champion of Vehumet.
             Slain by a salamander
             ... wielding a +0 halberd
              (7 damage)
             ... on level 4 of the Snake Pit.
             The game lasted 01:20:57 (44751 turns).

jasper the Warrior (Gargoyle Earth Elementalist)   Turns: 44751, Time: 01:20:58

Health: -1/128     AC: 23    Str: 15    XL:     18   Next: 17%
Magic:  15/34      EV: 15    Int: 28    God:    Vehumet [******]
Gold:   249        SH: 13    Dex: 10    Spells: 3/41 levels left

rFire   + . .        f - staff of conjuration
rCold   + . .        P - +2 kite shield of the Centipede {Rampage Int+4}
rNeg    + . .        T - +2 robe {rC+ rF+}
rPois   ∞            l - +0 helmet
rElec   +            y - +1 cloak
rCorr   .            K - +1 pair of gloves
SInv    .            d - +0 pair of boots
Will    ++...        (no amulet)
Stlth   ++           n - ring of willpower
HPRegen 0.41/turn    t - ring of Sidghakh {EV+5 Str+3}
MPRegen 0.24/turn

%: rampage
@: brilliant, weakened, flying, constricted
A: sickness immunity, AC +13, big wings, negative energy resistance 1,
electricity resistance, torment resistance 1, petrification resistance
a: Renounce Religion


You were on level 4 of the Snake Pit.
You worshipped Vehumet.
Vehumet was exalted by your worship.
You visited 4 branches of the dungeon, and saw 26 of its levels.
You visited 1 bazaar.
You also visited: Ice Cave.

You collected 4422 gold pieces.
You spent 4173 gold pieces at shops.

Inventory:

Hand Weapons
 L - the +12 dagger "Goblinbane" {flame, *Noise rF+ rC+++}
   (You found it on level 7 of the Dungeon)

   rF+:       It protects you from fire.
   rC+++:     It renders you almost immune to cold.
   *Noise:    It may make a loud noise when swung.
Missiles
 g - 5 throwing nets
 w - 5 curare-tipped darts
 D - 49 poisoned darts
 E - 9 atropa-tipped darts
Armour
 d - a +0 pair of boots (worn)
 l - a +0 helmet (worn)
 y - a +1 cloak (worn)
 K - a +1 pair of gloves (worn)
 P - the +2 kite shield of the Centipede (worn) {Rampage Int+4}
   (You acquired it on level 7 of the Dungeon)

   Int+4:     It affects your intelligence (+4).
   Rampage:   It bestows one free step when moving towards enemies.
 T - a +2 robe of resistance (worn)
Magical Staves
 f - a staff of conjuration (weapon)
Jewellery
 n - a ring of willpower (left hand)
 p - the ring "Otogiq" {rN+ Str+4 Dex+3 SInv}
   (You found it on level 1 of the Snake Pit)

   [ring of see invisible]

   Str+4:     It affects your strength (+4).
   Dex+3:     It affects your dexterity (+3).
   rN+:       It protects you from negative energy.
   SInv:      It lets you see invisible.
 t - the ring of Sidghakh (right hand) {EV+5 Str+3}
   (You found it on level 13 of the Dungeon)

   [ring of evasion]

   EV+5:      It affects your evasion (+5).
   Str+3:     It affects your strength (+3).
Wands
 a - a wand of light (1)
 c - a wand of flame (31)
 u - a wand of paralysis (38)
 B - a wand of roots (37)
 F - a wand of digging (9)
 Z - a wand of mindburst (19)
Scrolls
 e - a scroll of revelation
 j - 3 scrolls of fear
 k - 6 scrolls of enchant armour
 m - 6 scrolls of fog
 v - 4 scrolls of identify
 z - 5 scrolls of vulnerability
 C - 4 scrolls of amnesia
 H - 8 scrolls of poison
 I - 16 scrolls of teleportation
 J - 3 scrolls of silence
 R - 4 scrolls of blinking
 W - a scroll of enchant weapon
 Y - 2 scrolls of torment
Potions
 b - 4 potions of magic
 i - 7 potions of resistance
 o - 5 potions of lignification
 q - 5 potions of mutation
 x - a potion of ambrosia
 A - 3 potions of brilliance
 G - 13 potions of curing
 M - 2 potions of might
 N - a potion of haste
 O - 2 potions of attraction
 Q - a potion of heal wounds
 S - 8 potions of enlightenment
 U - 4 potions of invisibility
 V - 2 potions of cancellation
Miscellaneous
 h - a lightning rod (3/4)
 r - a phantom mirror
 s - a tin of tremorstones (1/2)
 X - a phial of floods


   Skills:
 - Level 19.0 Fighting
 - Level 12.0 Staves
 - Level 8.0 Dodging
 - Level 2.1 Stealth
 - Level 12.2 Shields
 - Level 12.0 Spellcasting
 + Level 8.7 Conjurations
 - Level 5.0 Hexes
 - Level 6.0 Necromancy
 - Level 3.0 Air Magic
 + Level 15.3 Earth Magic
 - Level 5.0 Alchemy


You had 3 spell levels left.
You knew the following spells:

 Your Spells              Type           Power      Damage    Failure   Level
a - Sandblast             Erth           100%       2d20      0%          1
b - Passwall              Erth           100%       N/A       1%          3
c - Stone Arrow           Conj/Erth      100%       3d13      1%          3
d - Brom's Barrelling Bo  Conj/Erth      100%       2d11      1%          4
e - Mephitic Cloud        Conj/Alch/Air  82%        N/A       1%          3
f - Swiftness             Air            50%        N/A       5%          3
g - Lee's Rapid Deconstr  Erth           50%        3d24*     1%          5
h - Borgnjor's Vile Clut  Necr/Erth      43%        N/A       2%          5
i - Yara's Violent Unrav  Hex/Alch       30%        3d13      6%          5
j - Bombard               Conj/Erth      56%        9d9       1%          6

Your spell library contained the following spells:

 Spells                   Type           Power      Damage    Failure   Level
 Spellforged Servitor     Conj/Summ      37%        N/A       89%         7
 Foxfire                  Conj/Fire      100%       2x1d9     1%          1
 Necrotise                Necr           100%       1d9       1%          1
 Shock                    Conj/Air       100%       1d9       1%          1
 Momentum Strike          Conj/Tloc      100%       3d10      1%          2
 Static Discharge         Conj/Air       100%       3-8/arc   1%          2
 Dazzling Flash           Conj/Hex       100%       N/A       1%          3
 Vampiric Draining        Necr           66%        2d10      1%          3
 Ensorcelled Hibernation  Hex/Ice        92%        N/A       3%          2
 Blink                    Tloc           50%        N/A       10%         2
 Lesser Beckoning         Tloc           50%        N/A       10%         2
 Leda's Liquefaction      Alch/Erth      42%        N/A       1%          4
 Petrify                  Alch/Erth      84%        N/A       1%          4
 Airstrike                Air            25%        2d(4-20)  5%          4
 Ignite Poison            Fire/Alch      46%        N/A       6%          4
 Sticky Flame             Fire/Alch      46%        2d9       6%          4
 Freezing Cloud           Conj/Ice/Air   36%        6-21      11%         5
 Curse of Agony           Necr           66%        N/A       16%         5
 Martyr's Knell           Necr/Summ      50%        N/A       19%         4
 Summon Lightning Spire   Summ/Air       37%        N/A       34%         4
 Silence                  Hex/Air        28%        N/A       34%         5
 Starburst                Conj/Fire      37%        6d11      38%         6
 Summon Mana Viper        Hex/Summ       46%        N/A       54%         5
 Plasma Beam              Fire/Air       18%        2x1d30    75%         6
 Summon Forest            Summ/Tloc      12%        N/A       87%         5
 Shatter                  Erth           50%        3d38*     94%         9
 Summon Cactus Giant      Summ           12%        N/A       100%        6
 Ignition                 Fire           12%        3d6       100%        8
 Chain Lightning          Conj/Air       42%        3d56      100%        9
 Fire Storm               Conj/Fire      37%        8d10      100%        9
 Cigotuvi's Dreadful Rot  Necr/Alch/Air  Unusable   N/A       N/A         2

Dungeon Overview and Level Annotations

Branches:
Dungeon (15/15)            Temple (0/1) D:6            Lair (5/5) D:11
 Shoals (0/4) Lair:3        Snake (4/4) Lair:2        Slime (0/5) Lair:5
    Orc (2/2) D:9             Elf (0/3) Orc:2        Vaults (0/5) D:13
 Depths (0/4) D:15          IceCv (visited)

Altars:
Ashenzari
Dithmenos
Elyvilon
Fedhas
Gozag
Hepliaklqana
Kikubaaqudgha
Makhleb
Nemelex Xobeh
Okawaru
Qazlal
Trog
Vehumet
Zin
The Shining One
Jiyva

Shops:
D:5 :   D:13 *   Orc:1 :   Orc:2 =![?   Snake:1 ??[   Snake:3 **

Portals:
Pandemonium: Orc:2

Annotations:
Lair:1 exclusion: oklob plant
Orc:2 3 runed translucent doors, robth's ghost, journeyman MiFi


Innate Abilities, Weirdness & Mutations

You are immune to sickness and miasma.
Your stone body is resilient. (AC +13)
You are immune to poison.
Your large and strong wings let you fly.
You resist negative energy. (rN+)
You are resistant to electric shocks. (rElec)
You are resistant to unholy torment.
You are immune to petrification.


Message History

The anaconda constricts you.
The naga warrior struggles to escape constriction.
The salamander hits you from afar with a +0 halberd!
You are engulfed in flames.
You resist.
Your lightning rod (3/4) has regained one charge.
You take 14 damage, and have 44/128 hp.
Casting: Borgnjor's Vile Clutch (dangerous; 2% risk of failure)
Confirm with . or Enter, or press ? or * to list all spells.
Aiming: Lee's Rapid Deconstruction (safe; 1% risk of failure)
Press: ? - help, Dir - move target, f - black mamba, p - naga warrior Fragment what (e.g. wall or brittle monster)?: a black mamba (lightly wounded, constricted by zombie hands)
An open gate.
The stone door frame shatters!
The blast of rock fragments hits the black mamba!!!
You kill the black mamba!
Vehumet accepts your kill.
You feel your power returning.
The blast of rock fragments hits the naga warrior!!
The naga warrior is heavily wounded.
The zombie hands constrict the naga warrior.
You hear an angry hiss.
You block the anaconda's attack. The anaconda constricts you.
The salamander closely misses you.
The anaconda bites you but does no damage.
The anaconda constricts you.
The salamander hits you from afar with a +0 halberd!
* * * LOW HITPOINT WARNING * * *
You are engulfed in flames!
You resist.
* * * LOW HITPOINT WARNING * * *
You take 19 damage, and have 25/128 hp.
You now have 15/34 mp.
You feel clever all of a sudden.
The zombie hands constrict the naga warrior!
You block the anaconda's attack. The anaconda constricts you.
* * * LOW HITPOINT WARNING * * *
The salamander completely misses you.
The zombie hands lose their grip on the naga warrior.
The salamander hits you from afar with a +0 halberd!
* * * LOW HITPOINT WARNING * * *
You are engulfed in flames!
You resist.
You die...

# #.§≈§ .N# ######### #.
#.#..≈≈§..# #.......### #.
...§≈≈.. ##.........# #. #.....
##.....###..##. #.
#####''†###(....#..##..#. #.
##.##....N##.........##.#.. # #
##......#.NN##........##.##. # ##
#.......#.NN†#.##......#.##..#
.###...###...##S@..#......#.##..#
......###..#....#........##.##...
.....##..........###.....##.##...
.#####..###..........#....#..##..
...#...#...#....#...###)..#..###.
.....##......##....##.....##..###
....##.......#..##.....#####...##
................##...####....####
............#...#...###...####...


You could see a naga warrior, 4 salamanders and an anaconda.

Vanquished Creatures
  Kirke (Snake:1)
  Roxanne (D:15)
  Azrael (Snake:3)
  Snorg (Lair:3)
  Josephine (D:13)
  An ettin (D:14)
  4 vault guards
  2 fire dragons
  A rakshasa (D:15)
  Fannar (Orc:1)
  7 catoblepae
  5 hydras
  4 salamander tyrants
  2 demonspawn (Orc:2)
  6 anacondas
  15 centaur warriors
  A boulder beetle (D:11)
  17 death yaks
  2 tengu warriors (D:14)
  3 death knights (D:13)
  A two-headed ogre (D:10)
  8 naga warriors
  6 naga sharpshooters
  A hell knight (D:15)
  10 shock serpents
  2 skysharks (Lair:4)
  Amaemon (D:9)
  6 orc high priests (Orc:2)
  6 skeletal warriors
  3 salamander mystics
  Lodul (D:10)
  An arcanist (D:13)
  A flayed ghost (D:13)
  3 mana vipers
  A harpy (shapeshifter) (D:13)
  3 naga ritualists
  5 lindwurms
  2 necromancers
  8 orc knights
  4 cyclopes
  3 deep elf pyromancers
  2 wolf spiders (Lair:5)
  6 orc sorcerers (Orc:2)
  An oklob plant (Lair:4)
  4 manticores
  19 salamanders
  38 black mambas
  8 elephants
  4 kobold blastminers
  16 naga magi
  2 ice statues
  2 guardian serpents (Snake:3)
  A rust devil (Orc:2)
  A black mamba (shapeshifter) (D:13)
  A gargoyle (D:13)
  7 torpor snails (Lair:5)
  An orange demon (D:9)
  14 cane toads
  3 kobold demonologists (D:11)
  2 unseen horrors (D:10)
  4 rime drakes
  7 komodo dragons
  4 efreet
  4 freezing wraiths (IceCv)
  3 anaconda simulacra (IceCv)
  11 ice devils
  3 tengu conjurers
  A queen bee (shapeshifter) (D:13)
  6 hornets (Lair:5)
  3 polar bears
  5 trolls
  A hellwing (Orc:2)
  4 tyrant leeches (Lair:5)
  6 dream sheep (Lair:5)
  16 blink frogs
  A slime creature (D:13)
  3 shadows
  5 centaur simulacra (D:13)
  8 wraiths
  2 dire elephant simulacra (IceCv)
  31 yaks
  5 wyverns
  A hog (shapeshifter) (D:13)
  A human (shapeshifter) (D:14)
  4 wargs
  2 hogs (Snake:1)
  5 basilisks
  2 vampire mosquitoes (D:11)
  3 fire elementals
  5 death yak simulacra (IceCv)
  A harpy simulacrum (IceCv)
  6 acid dragons
  3 hydra simulacra (IceCv)
  An acid dragon (shapeshifter) (D:13)
  47 nagas
  10 water moccasins
  7 hell hounds
  A sky beast (D:8)
  2 laughing skulls (D:15)
  38 orc warriors
  An ice beast (D:7)
  4 black bears
  25 centaurs
  15 ogres
  An ice beast (shapeshifter) (D:12)
  13 wolves (Lair:5)
  A phantom (D:5)
  5 kobold brigands
  12 bullfrogs
  A gnoll sergeant (D:10)
  3 two-headed ogre simulacra (IceCv)
  2 cane toad simulacra (IceCv)
  6 scorpions
  16 wights
  2 elephant simulacra (IceCv)
  6 killer bees
  9 howler monkeys
  An electric eel (Lair:2)
  5 jellies
  2 bombardier beetles (D:5)
  10 hounds
  A gnoll bouda (D:5)
  36 orc priests
  3 iguanas (D:5)
  A sleepcap (D:7)
  30 orc wizards
  4 hell rats (Lair:2)
  5 polar bear simulacra (IceCv)
  A spriggan simulacrum (IceCv)
  6 wolf simulacra (IceCv)
  12 gnolls
  A naga simulacrum (IceCv)
  7 adders
  A shadow imp (D:6)
  4 white imps
  An ufetubus (IceCv)
  A dart slug (D:5)
  2 ribbon worms
  103 orcs
  9 ball pythons
  5 bats
  9 endoplasms
  A giant cockroach (D:1)
  11 goblins
  12 hobgoblins
  7 jackals
  36 kobolds
  3 quokkas
  4 frilled lizards
  6 rats
1018 creatures vanquished.

Vanquished Creatures (collateral kills)
  A fire giant (D:15)
  5 boulders
6 creatures vanquished.

Vanquished Creatures (others)
  A salamander (Snake:4)
  A naga (Snake:3)
  An orc wizard (D:10)
  An orc (Orc:1)
  11 boulders
15 creatures vanquished.

Grand Total: 1039 creatures vanquished

Notes
Turn   | Place    | Note
-------+----------+-------------------------------------------
     0 | D:1      | jasper the Gargoyle Earth Elementalist began the quest for
                  | the Orb.
     0 | D:1      | Reached XP level 1. HP: 10/10 MP: 3/3
     6 | D:1      | Noticed a basilisk
     6 | D:1      | Noticed a tyrant leech
     6 | D:1      | Noticed an imperial myrmidon
     7 | D:1      | Noticed a centaur
   198 | D:1      | Reached XP level 2. HP: 16/16 MP: 3/5
   269 | D:1      | Reached skill level 1 in Fighting
   718 | D:1      | Reached XP level 3. HP: 6/20 MP: 0/6
   725 | D:1      | Learned a level 3 spell: Passwall
   962 | D:2      | Identified the +1 robe of Existentialism {rElec Will++
                  | Regen+ Int-2}
  1119 | D:2      | Reached skill level 5 in Earth Magic
  1238 | D:2      | Reached skill level 2 in Fighting
  1337 | D:2      | Reached XP level 4. HP: 23/26 MP: 3/7
  1602 | D:2      | Learned a level 3 spell: Stone Arrow
  1866 | D:3      | Reached XP level 5. HP: 30/31 MP: 5/8
  2330 | D:3      | Found a faded altar of an unknown god.
  2399 | D:3      | Found a glowing silver altar of Zin.
  2461 | D:3      | Found a radiant altar of Vehumet.
  2469 | D:3      | Became a worshipper of Vehumet
  2700 | D:3      | Identified a scroll of acquirement
  2732 | D:3      | Acquired 1037 gold pieces
  2761 | D:4      | Reached skill level 3 in Fighting
  2803 | D:4      | Identified the +7 sling "Hydraslayer" {freeze, Str-2 Dex+6}
  2876 | D:4      | Identified the +5 spear "Ywnaet" {protect, rPois rC+ rN+
                  | rCorr Dex-3}
  2910 | D:4      | Reached XP level 6. HP: 37/37 MP: 7/9
  2996 | D:4      | Reached skill level 4 in Fighting
  3126 | D:4      | Found an opulent altar of Gozag.
  3235 | D:4      | Reached XP level 7. HP: 33/43 MP: 3/10
  3376 | D:5      | Entered Level 5 of the Dungeon
  3396 | D:5      | Found Maetuvon's Book Shop.
  3437 | D:5      | Bought a manual of Fighting for 1040 gold pieces
  3508 | D:5      | Found a hazy altar of Hepliaklqana.
  3537 | D:5      | Reached skill level 5 in Fighting
  3557 | D:5      | Reached * piety under Vehumet
  3557 | D:5      | Offered knowledge of Freeze by Vehumet.
  3732 | D:5      | Reached skill level 6 in Fighting
  3732 | D:5      | Reached XP level 8. HP: 51/51 MP: 7/11
  3737 | D:5      | Learned a level 4 spell: Brom's Barrelling Boulder
  3916 | D:5      | Reached skill level 7 in Fighting
  3916 | D:5      | Reached skill level 10 in Earth Magic
  4199 | D:5      | Noticed a komodo dragon
  4204 | D:5      | Reached skill level 1 in Shields
  4419 | D:5      | Reached skill level 8 in Fighting
  4483 | D:5      | Killed a komodo dragon
  4484 | D:5      | Reached XP level 9. HP: 7/60 MP: 7/12
  5001 | D:6      | Reached skill level 9 in Fighting
  5001 | D:6      | Reached skill level 5 in Shields
  5093 | D:6      | Found a staircase to the Ecumenical Temple.
  5486 | D:6      | Reached ** piety under Vehumet
  5486 | D:6      | Offered knowledge of Momentum Strike by Vehumet.
  5640 | D:6      | Found a shadowy altar of Dithmenos.
  6311 | D:7      | Found a stormy altar of Qazlal.
  6316 | D:7      | Found a blossoming altar of Fedhas.
  6351 | D:7      | Reached skill level 10 in Fighting
  6378 | D:7      | Found an ancient bone altar of Kikubaaqudgha.
  6776 | D:7      | Identified the +12 dagger "Goblinbane" {flame, *Noise rF+
                  | rC+++}
  6785 | D:7      | Reached skill level 11 in Fighting
  6947 | D:7      | Acquired the +2 kite shield of the Centipede {Rampage
                  | Int+4}
  6949 | D:7      | Acquired the +4 robe of Folly {Brill Will-∞ Int+8}
  6949 | D:7      | Found the +4 robe of Folly {Brill Will-∞ Int+8}
  7002 | D:7      | Offered knowledge of Searing Ray by Vehumet.
  7172 | D:8      | Reached XP level 10. HP: 70/70 MP: 8/13
  7482 | D:8      | Reached *** piety under Vehumet
  7575 | D:8      | Reached skill level 12 in Fighting
  7687 | D:8      | Found an iron altar of Okawaru.
  7715 | D:8      | Found a broken altar of Ashenzari.
  8041 | D:9      | Found a staircase to the Orcish Mines.
  8050 | D:9      | Offered knowledge of Flame Wave by Vehumet.
  8052 | D:9      | Reached skill level 10 in Shields
  8225 | D:9      | Reached **** piety under Vehumet
  8231 | D:9      | Learned a level 3 spell: Mephitic Cloud
  8297 | D:9      | Found a sparkling altar of Nemelex Xobeh.
  8503 | D:9      | Learned a level 3 spell: Swiftness
  8556 | D:9      | Noticed Amaemon
  8556 | D:9      | Noticed an orange demon
  8567 | D:9      | Killed Amaemon
  8571 | D:9      | Killed an orange demon
  8572 | D:9      | Reached XP level 11. HP: 59/77 MP: 4/17
  8753 | D:9      | Found a glowing golden altar of the Shining One.
  8756 | D:9      | Found a burning altar of Makhleb.
  8759 | D:9      | Found a bloodstained altar of Trog.
  8791 | D:9      | Found a white marble altar of Elyvilon.
  9124 | D:10     | Entered Level 10 of the Dungeon
  9462 | D:10     | Offered knowledge of Sticky Flame by Vehumet.
  9788 | D:10     | Noticed Lodul
  9794 | D:10     | Reached skill level 13 in Fighting
  9805 | D:10     | Killed Lodul
  9806 | D:10     | Reached skill level 14 in Fighting
 10100 | D:10     | Noticed a two-headed ogre
 10107 | D:10     | Killed a two-headed ogre
 10352 | D:11     | Noticed a cyclops
 10355 | D:11     | Noticed a boulder beetle
 10358 | D:11     | Reached ***** piety under Vehumet
 10358 | D:11     | Offered knowledge of Iskenderun's Mystic Blast by Vehumet.
 10359 | D:11     | Killed a cyclops
 10360 | D:11     | Reached skill level 15 in Fighting
 10379 | D:11     | Killed a boulder beetle
 10383 | D:11     | Found a frozen archway.
 10385 | D:11     | Noticed a cyclops
 10392 | D:11     | Killed a cyclops
 10469 | IceCv    | Entered an ice cave
 10767 | IceCv    | Reached XP level 12. HP: 88/88 MP: 12/18
 10819 | IceCv    | Reached skill level 16 in Fighting
 10915 | IceCv    | Reached skill level 5 in Spellcasting
 11074 | IceCv    | Found an ancient bone altar of Kikubaaqudgha.
 12702 | IceCv    | Identified the ring "Cityt" {Fly rN+ Str-5 Int-4 Stlth+}
 13028 | D:11     | Noticed a sun demon
 13140 | D:11     | Found a staircase to the Lair.
 13581 | Lair:1   | Entered Level 1 of the Lair of Beasts
 13732 | Lair:1   | Reached skill level 17 in Fighting
 13879 | Lair:1   | Noticed a catoblepas
 13884 | Lair:1   | Killed a catoblepas
 13885 | Lair:1   | Reached skill level 5 in Dodging
 13885 | Lair:1   | Reached XP level 13. HP: 95/96 MP: 9/23
 14187 | Lair:1   | Offered knowledge of Irradiate by Vehumet.
 15096 | Lair:2   | Found a staircase to the Snake Pit.
 15711 | Lair:2   | Acquired the Octavo of the Xenolith
 15719 | Lair:2   | Learned a level 5 spell: Lee's Rapid Deconstruction
 15725 | Lair:2   | Learned a level 5 spell: Borgnjor's Vile Clutch
 15923 | Lair:2   | Found a radiant altar of Vehumet.
 16377 | Lair:3   | Noticed Snorg
 16386 | Lair:3   | Killed Snorg
 16387 | Lair:3   | Reached skill level 1 in Necromancy
 16791 | Lair:3   | Found a staircase to the Shoals.
 17990 | Lair:4   | Reached skill level 5 in Necromancy
 18319 | Lair:4   | Gained mutation: Your large and strong wings let you fly.
                  | [Gargoyle growth]
 18319 | Lair:4   | Reached XP level 14. HP: 60/102 MP: 9/26
 19319 | Lair:5   | Entered Level 5 of the Lair of Beasts
 19564 | Orc:1    | Entered Level 1 of the Orcish Mines
 19574 | D:9      | Offered knowledge of Yara's Violent Unravelling by Vehumet.
 20808 | Orc:2    | Entered Level 2 of the Orcish Mines
 20908 | Orc:2    | Found a staircase to the Elven Halls.
 21084 | Orc:2    | Found a runed translucent gate.
 21084 | Orc:2    | Found a runed translucent gate.
 21084 | Orc:2    | Found a runed translucent gate.
 21087 | Orc:2    | Found an opulent altar of Gozag.
 21385 | Orc:2    | Noticed robth's ghost (journeyman MiFi)
 22028 | Orc:2    | Found Acukh's Distillery.
 22030 | Orc:2    | Found Ulabireh's Magic Scroll Emporium.
 22097 | Orc:2    | Bought 2 potions of resistance for 260 gold pieces
 22097 | Orc:2    | Bought a potion of curing for 39 gold pieces
 22097 | Orc:2    | Bought a potion of curing for 39 gold pieces
 22099 | Orc:2    | Bought a scroll of blinking for 90 gold pieces
 22099 | Orc:2    | Bought a scroll of teleportation for 36 gold pieces
 22099 | Orc:2    | Bought a scroll of fog for 48 gold pieces
 23049 | Orc:2    | Reached skill level 10 in Spellcasting
 23244 | Orc:2    | Learned a level 5 spell: Yara's Violent Unravelling
 23256 | Orc:2    | Paralysed by an orc sorcerer for 3 turns
 23264 | Orc:2    | Reached skill level 1 in Hexes
 23264 | Orc:2    | Reached skill level 1 in Alchemy
 23298 | Orc:2    | Found Hawkil's Antique Armour Boutique.
 23298 | Orc:2    | Found Mibiux's Jewellery Shop.
 23299 | Orc:2    | Found a one-way gate leading to the halls of Pandemonium.
 23303 | Orc:2    | Bought a ring of willpower for 375 gold pieces
 23533 | Orc:1    | Noticed Fannar
 23549 | Orc:1    | Killed Fannar
 23566 | Orc:1    | Found Dirocoko's Book Shoppe.
 24265 | Lair:4   | Reached XP level 15. HP: 88/108 MP: 3/29
 25373 | Lair:5   | Found a viscous altar of Jiyva.
 25376 | Lair:5   | Found a staircase to the Slime Pits.
 25397 | Lair:5   | Reached skill level 5 in Hexes
 25410 | Lair:5   | Reached skill level 5 in Alchemy
 26508 | Lair:5   | Reached skill level 18 in Fighting
 26739 | Lair:5   | Reached ****** piety under Vehumet
 26743 | Lair:5   | Offered knowledge of Orb of Destruction by Vehumet.
 26842 | Lair:5   | Found the +13 scythe of Curses {drain, curses, ^Drain}
 28893 | D:13     | Reached XP level 16. HP: 106/114 MP: 11/31
 29150 | D:13     | Noticed Josephine
 29369 | D:13     | Killed Josephine
 29648 | D:13     | Found a gate to the Vaults.
 29900 | D:13     | Found Okuod's Assorted Antiques.
 29908 | D:13     | Bought a potion of curing for 72 gold pieces
 29908 | D:13     | Bought a scroll of vulnerability for 96 gold pieces
 29908 | D:13     | Bought a scorched leather armour for 168 gold pieces
 29908 | D:13     | Identified the +1 leather armour "Hexur" {SInv} (You bought
                  | it in a shop on level 13 of the Dungeon)
 31268 | D:13     | Found a glowing golden altar of the Shining One.
 31370 | D:13     | Offered knowledge of Bombard by Vehumet.
 31379 | D:13     | Learned a level 6 spell: Bombard
 32088 | D:13     | Identified the ring of Sidghakh {EV+5 Str+3}
 32898 | D:14     | Found a glowing silver altar of Zin.
 33244 | D:14     | Found a gateway to a bazaar.
 33250 | Bazaar   | Entered a bazaar
 33341 | Bazaar   | Found Unoenn's Weapon Emporium.
 33341 | Bazaar   | Found Eluxt's Weapon Shoppe.
 33362 | Bazaar   | Found Fulif's Magic Scroll Emporium.
 33367 | Bazaar   | Bought a scroll of enchant armour for 135 gold pieces
 33367 | Bazaar   | Bought a scroll of vulnerability for 72 gold pieces
 33367 | Bazaar   | Bought a scroll of poison for 72 gold pieces
 33377 | Bazaar   | Found Dyunoptou's Distillery.
 33382 | Bazaar   | Bought 2 potions of resistance for 260 gold pieces
 33382 | Bazaar   | Bought a potion of curing for 39 gold pieces
 33382 | Bazaar   | Bought 2 potions of lignification for 78 gold pieces
 33382 | Bazaar   | Bought a potion of heal wounds for 65 gold pieces
 33382 | Bazaar   | Bought a potion of cancellation for 104 gold pieces
 33382 | Bazaar   | Bought a potion of curing for 39 gold pieces
 33382 | Bazaar   | Bought a potion of heal wounds for 65 gold pieces
 33382 | Bazaar   | Bought a potion of magic for 104 gold pieces
 33382 | Bazaar   | Bought a potion of lignification for 39 gold pieces
 33392 | Bazaar   | Found Zaniuw's Assorted Antiques.
 33397 | Bazaar   | Bought a scroll of teleportation for 54 gold pieces
 33397 | Bazaar   | Bought a fuming green potion for 16 gold pieces
 33624 | D:14     | Reached skill level 15 in Earth Magic
 33753 | D:14     | Reached skill level 19 in Fighting
 33956 | D:15     | Entered Level 15 of the Dungeon
 34525 | D:15     | Reached skill level 5 in Conjurations
 34689 | D:15     | Found a sparkling altar of Nemelex Xobeh.
 35163 | D:15     | Found a bloodstained altar of Trog.
 35478 | D:15     | Noticed Roxanne
 35482 | D:15     | Killed Roxanne
 35595 | D:15     | Found a staircase to the Depths.
 36196 | Snake:1  | Entered Level 1 of the Snake Pit
 36339 | Lair:2   | Reached skill level 1 in Staves
 36580 | Snake:1  | Reached XP level 17. HP: 122/122 MP: 19/33
 36762 | Snake:1  | Identified the ring "Otogiq" {rN+ Str+4 Dex+3 SInv}
 36997 | Snake:1  | Noticed Kirke
 37002 | Snake:1  | Killed Kirke
 37137 | Snake:1  | Found Xeolaedo's Magic Scroll Shop.
 37139 | Snake:1  | Found Aqiar's Magic Scroll Boutique.
 37141 | Snake:1  | Found Bumorph's Antique Armour Shop.
 37290 | Snake:1  | Bought a scroll of teleportation for 39 gold pieces
 37290 | Snake:1  | Bought a scroll of fog for 52 gold pieces
 37290 | Snake:1  | Bought a scroll of blinking for 97 gold pieces
 37292 | Snake:1  | Bought a scroll of teleportation for 33 gold pieces
 37292 | Snake:1  | Bought 2 scrolls of teleportation for 66 gold pieces
 37292 | Snake:1  | Bought a scroll of blinking for 82 gold pieces
 37292 | Snake:1  | Bought a scroll of teleportation for 33 gold pieces
 37292 | Snake:1  | Bought a scroll of teleportation for 33 gold pieces
 37512 | Snake:1  | Reached skill level 5 in Staves
 38609 | Snake:2  | Offered knowledge of Spellforged Servitor by Vehumet.
 39644 | Snake:1  | Bought a distressingly furry hat for 333 gold pieces
 39644 | Snake:1  | Identified the -1 hat "Ymineutode" {rC+} (You bought it in
                  | a shop on level 1 of the Snake Pit)
 40334 | Snake:3  | Noticed Azrael
 40857 | Snake:3  | Identified the +3 flail of Inconvenience {heavy, rPois
                  | Str-2 Int+4 Dex+2}
 41380 | Snake:3  | Reached skill level 10 in Staves
 42013 | Snake:3  | Found Boanaa Benti's General Store.
 42017 | Snake:3  | Found Hik Uck's Specific Store.
 42083 | Snake:3  | Killed Azrael
 43135 | Snake:4  | Entered Level 4 of the Snake Pit
 43593 | Snake:4  | Reached XP level 18. HP: 119/128 MP: 11/34
 44751 | Snake:4  | HP: 6/128 [salamander/+0 halberd (16)]
 44751 | Snake:4  | Slain by a salamander

Illustrated notes

Levels and vault maps discovered:
D:1:      onia_arrival_zoo_common, layout_rooms, chequers_jeans,
          minmay_misc_feat_rows
D:2:      layout_loops_cross
D:3:      layout_loops_cross, mainiacjoe_overflow_six_doors_small,
          nicolae_vehumet_radiance, nicolae_ecumenical_snake_handling,
          corexii_corridor_pit, nicolae_hexahallways
D:4:      layout_rooms, lemuel_coloured_pillars_altar
D:5:      minmay_clustersquares, layout_basic, kennysheep_mini, serial_shops,
          shop, minmay_quadrilaterals
D:6:      layout_loops_cross, nicolae_dithmenos_through_a_glass_darkly,
          minmay_temple_entry_glass, kennysheep_cross_room
D:7:      layout_loops_ring, grunt_temple_overflow_forces_of_nature,
          mainiacjoe_overflow_boulevard, grunt_ministairs_1, minivault_10
D:8:      minmay_evil_eye, layout_basic, marbit_many_paths,
          evilmike_ruin_ashenzari
D:9:      layout_basic, grunt_temple_overflow_diamond,
          mainiacjoe_overflow_24_doors, elyvilon_altar_3, david_orc_2,
          uniq_amaemon
D:10:     layout_roguey, uniq_lodul
D:11:     layout_roguey, lair_entry_dummy, portal_ice_cave_entry_pillars_1,
          minmay_rotating_lava
D:12:     layout_roguey
D:13:     regret_index_reflect_refract, layout_basic,
          lightli_vaults_fourway_checkpoint, serial_shops, shop,
          nicolae_tso_swordbearing_angel, uniq_josephine
D:14:     layout_gridville, serial_shops, statue_bzr, zin_scriptorium
D:15:     hangedman_depths_entry_civil_slaughter, layout_small_grid,
          nemelex_xobeh_ov_fountains_minmay, trog_hazing_becter, uniq_roxanne
Lair:1:   layout_chaotic_city, minmay_lair_oklob_bushes, grunt_megastairs_2
Lair:2:   layout_roguey, guppyfry_snake_entry_garden, basic_altar,
          serial_bayou_shore_a, grunt_megastairs_3
Lair:3:   layout_layer_cave, elwin_shoals_entry_rocks, nicolae_lair_lindhole,
          uniq_snorg
Lair:4:   layout_loops_ring
Lair:5:   hangedman_lair_in_review, layout_regular_city, wormcave,
          slime_entry_2, nicolae_lair_run_with_the_wolves
Snake:1:  layout_honeycomb, minmay_shop_star, uniq_kirke
Snake:2:  layout_grid_shapes
Snake:3:  layout_chambers, nicolae_snake_flat_spine, grunt_ministairs_7,
          nicolae_specific_store, serial_library_hellmonk_semicircle,
          uniq_azrael
Snake:4:  grunt_snake_rune_pools, layout_onion, nicolae_snake_salamander_jacuzzi
Orc:1:    layout_caves, serial_shops, nicolae_book_shop_shelving, uniq_fannar
Orc:2:    pf_orc_diabolical, layout_diamond_mine, ebering_ghost_gozag

Skill      XL: |  1  2  3  4  5  6  7  8  9 10 11 12 13 14 15 16 17 18 |
---------------+-------------------------------------------------------+-----
Earth Magic    | 4 5 6 7 9 10 13 15 | 15.3
Fighting       | 1 2 3 4 6 8 11 12 15 17 18 19 | 19.0
Shields        | 4 8 10 12 | 12.2
Spellcasting   | 4 7 8 10 11 12 | 12.0
Air Magic      | 3 |  3.0
Dodging        | 5 6 7 8 |  8.0
Conjurations   | 3 7 8 |  8.7
Necromancy     | 5 6 |  6.0
Hexes          | 2 5 |  5.0
Alchemy        | 2 5 |  5.0
Staves         | 1 11 12 | 12.0
Stealth        | |  2.1

Action                     |  1- 3 |  4- 6 |  7- 9 | 10-12 | 13-15 | 16-18 || total
---------------------------+-------+-------+-------+-------+-------+-------++-------
  Melee: Dagger            |     2 |       |       |    24 |   341 |    16 ||   383
         Mace              |    12 |       |       |       |       |       ||    12
         Sling             |       |       |     2 |       |       |       ||     2
         Staff             |       |       |       |       |       |   295 ||   295
   Fire: Orcbow            |    21 |    23 |       |       |       |       ||    44
         Sling             |       |    25 |   117 |   170 |       |       ||   312
   Cast: Sandblast         |    51 |    57 |   110 |   235 |   496 |   120 ||  1069
         Stone Arrow       |       |       |       |   166 |   114 |    96 ||   376
         Brom's Barrelling |       |       |       |     1 |     2 |    18 ||    21
         Lee's Rapid Decon |       |       |       |       |    98 |   200 ||   298
         Borgnjor's Vile C |       |       |       |       |   107 |   212 ||   319
         Mephitic Cloud    |       |       |       |       |     9 |     7 ||    16
         Bombard           |       |       |       |       |       |    17 ||    17
         Yara's Violent Un |       |       |       |       |       |     4 ||     4
Ability: Begin Untransform |       |       |       |       |       |     1 ||     1
  Evoke: Wand              |       |       |       |    10 |     5 |     6 ||    21
         Lightning rod     |       |       |       |       |     9 |     9 ||    18
         Phial of floods   |       |       |       |       |     2 |       ||     2
         Tin of tremorston |       |       |       |       |       |     3 ||     3
         Phantom mirror    |       |       |       |       |       |     1 ||     1
    Use: Scroll            |       |     6 |     6 |    10 |     4 |     6 ||    32
         Potion            |       |       |     2 |     1 |     1 |     2 ||     6
   Stab: Confused          |       |       |       |       |     4 |     1 ||     5
         Sleeping          |       |       |       |       |     1 |       ||     1
 Armour: Robe              |    24 |    39 |    61 |   259 |   672 |   424 ||  1479
  Dodge: Dodged            |    27 |    21 |    39 |    90 |   404 |   433 ||  1014
  Block: Kite shield       |       |       |    27 |   255 |   687 |   499 ||  1468
   Form: Death             |       |       |       |       |       |     1 ||     1

Table legend: (Time is in decaauts)
 A = Elapsed time spent in this place.
 B = Non-inter-level travel time spent in this place.
 C = Inter-level travel time spent in this place.
 D = Time resting spent in this place.
 E = Time spent auto-exploring this place.
 F = Levels seen in this place.
 G = Mean time per level.
                   A        B        C        D        E       F      G
               +--------+--------+--------+--------+--------+-----+--------+
         Total |  45632 |  43864 |   1768 |   8208 |  28644 |  28 | 1629.7 |
       Dungeon |  20604 |  19861 |    743 |   3541 |  13137 |  15 | 1373.6 |
          Lair |  10422 |   9853 |    569 |    810 |   7470 |   5 | 2084.4 |
     Snake Pit |   8218 |   7946 |    272 |   1874 |   5005 |   4 | 2054.5 |
  Orcish Mines |   3874 |   3692 |    182 |    558 |   2423 |   2 | 1937.0 |
        Bazaar |    168 |    168 |      0 |      0 |    152 |   1 |  168.0 |
      Ice Cave |   2344 |   2344 |      0 |   1424 |    457 |   1 | 2344.0 |
               +--------+--------+--------+--------+--------+-----+--------+

Top non-repeatable levels by time:
 Snake:3: 3397 daAuts
  Lair:5: 3271 daAuts
    D:13: 2855 daAuts
   Orc:2: 2718 daAuts
   IceCv: 2344 daAuts
    D:14: 2178 daAuts
  Lair:4: 2130 daAuts
 Snake:1: 2068 daAuts
 Snake:2: 1999 daAuts
  Lair:2: 1806 daAuts
     D:5: 1653 daAuts
  Lair:3: 1625 daAuts
  Lair:1: 1588 daAuts
    D:12: 1499 daAuts
    D:15: 1490 daAuts
